 Dungeon Crawl Stone Soup version 0.29.1-2-gbd0b4ee654 (webtiles) character file.

Game seed: 1638109451163931067

0 zermelo the Sneak (level 1, 0/15 HPs)
             Began as a Naga Fire Elementalist on Nov 30, 2022.
             Slain by a rat (2 damage)
             ... on level 1 of the Dungeon.
             The game lasted 00:01:37 (99 turns).

zermelo the Sneak (Naga Fire Elementalist)            Turns: 99, Time: 00:01:38

Health: 0/15       AC:  1    Str: 10    XL:     1   Next: 10%
Magic:  3/3        EV:  9    Int: 15    God:
Gold:   8          SH:  0    Dex: 11    Spells: 3/4 levels left

rFire   . . .      SeeInvis +   (no weapon)
rCold   . . .      Faith    .   (no shield)
rNeg    . . .      Spirit   .   a - +0 robe
rPois   +          Reflect  .   (no helmet)
rElec   .          Harm     .   (no cloak)
rCorr   .          Rampage  .   (no gloves)
Will    .....                   (no barding)
Stlth   ++........              (no amulet)
HPRegen 0.05/turn               (no ring)
MPRegen 0.08/turn               (no ring)

@: very slow
A: AC +0, large, see invisible, deformed body, poison resistance, slowness 2,
spit poison 1, naga tail 1
a: Spit Poison


You were on level 1 of the Dungeon.
You visited 1 branch of the dungeon, and saw 1 of its levels.

You collected 8 gold pieces.

Inventory:

Armour
 a - a +0 robe (worn)
Potions
 b - a potion of magic


   Skills:
 + Level 1.5 Dodging
 + Level 3.0 Stealth
 + Level 2.0 Spellcasting
 + Level 1.0 Conjurations
 + Level 3.0 Fire Magic


You had 3 spell levels left.
You knew the following spells:

 Your Spells              Type           Power      Damage    Failure   Level
a - Foxfire               Conj/Fire      28%        2x1d5     10%         1

Your spell library contained the following spells:

 Spells                   Type           Power      Damage    Failure   Level
 Scorch                   Fire           20%        2d6       10%         2
 Conjure Flame            Conj/Fire      7%         6-21      28%         3
 Inner Flame              Hex/Fire       6%         N/A       34%         3
 Flame Wave               Conj/Fire      7%         2d5       67%         4


Dungeon Overview and Level Annotations

Branches:
Dungeon (1/15)

Altars:


Innate Abilities, Weirdness & Mutations

Your serpentine skin is tough. (AC +0)
You have supernaturally acute eyesight. (SInv)
Armour fits poorly on your strangely shaped body.
Your system is resistant to poisons. (rPois)
You cover ground very slowly.
You can spit poison.
You have a snake-like lower body.


Message History

You see here a +0 whip.
You now have 8 gold pieces.
Found 5 stones.
You see here 5 stones.
A ball python comes into view.
Unknown command.
You're too inexperienced to learn that spell!
A ball python comes into view.
A rat comes into view.
Found a scroll labelled XAEMEA XIEL.
You hit the ball python.
The ball python is moderately wounded.
The ball python bites you.
You closely miss the ball python.
The ball python is moderately wounded.
The ball python bites you.
You hit the ball python.
The ball python is severely wounded.
The ball python hisses angrily.
The ball python barely misses you.
You hit the ball python but do no damage.
The ball python is severely wounded.
The ball python closely misses you.
You barely miss the ball python.
The ball python is severely wounded.
The ball python bites you.
You barely miss the ball python.
The ball python is severely wounded.
The rat bites you. The ball python bites you.
* * * LOW HITPOINT WARNING * * *
You closely miss the ball python.
The ball python is severely wounded.
The rat bites you.
* * * LOW HITPOINT WARNING * * *
The ball python completely misses you.
You hit the ball python.
You kill the ball python!
The rat bites you but does no damage.
You hit the rat but do no damage. The rat bites you.
You die...

###..♣###.#
#.#
#♣...♣##.#
#.#
#.....##.#
#.#
###♣####.#
#.#
#.######.#
#........#
####.########
#....# #@#..#
......r†...#
.......###.#
?...... .##
#.....# #
##...# ##.#
#.


You could see a rat.

Vanquished Creatures
  A ball python (D:1)
1 creature vanquished.

Notes
Turn   | Place    | Note
-------+----------+-------------------------------------------
     0 | D:1      | zermelo the Naga Fire Elementalist began the quest for the
                  | Orb.
     0 | D:1      | Reached XP level 1. HP: 15/15 MP: 3/3
    99 | D:1      | Slain by a rat

Illustrated notes

Levels and vault maps discovered:
D:1:      sevenhm_arrival_forest_fort_small_4, layout_loops_ring,
          shapermc_ecumenical_altar_pompeii, serial_shops,
          nicolae_shop_hallway_stairs, nicolae_shop_crystal

Action                   || total
-------------------------++-------
Melee: Unarmed           ||     9
Armor: Robe              ||     1
Dodge: Dodged            ||     3
